Map: Ruins of Seras

Players

Grumm

  • Race: Protoss Protoss
  • League: Gold

Loki - Winner!

  • Race: Protoss Protoss

VOD

Have the link to the VOD?

Description

Time

  • Played on: Jan. 31, 2016, 11:05 p.m.
  • Length: 14:05
Show
View Real Time Build Order
Export as new Build Order

Grumm Protoss 

Build Orders: Nexus First 

Get SALT Encoding   

  12  0:02  Probe (Chrono Boost)  
  13  0:12  Probe (Chrono Boost)  
  14  0:23  Probe (Chrono Boost)  
  15  0:30  Pylon  
  15  0:55  Nexus  
  15  0:59  Probe (Chrono Boost)  
  16  1:10  Probe (Chrono Boost)  
  17  1:12  Assimilator  
  17  1:20  Probe (Chrono Boost)  
  18  1:28  Gateway  
  18  1:32  Probe (Chrono Boost)  
  19  1:43  Forge  
  19  1:47  Probe (Chrono Boost)  
  20  1:56  Assimilator  
  20  1:58  Probe (Chrono Boost)  
  21  2:03  Pylon  
  21  2:08  Probe x2 (Chrono Boost)  
  23  2:21  Photon Cannon  
  23  2:38  Probe (Chrono Boost)  
  23  2:39  Probe (Chrono Boost)  
  25  2:48  Cybernetics Core  
  25  2:50  Gateway  
  24  3:02  Probe x2 (Chrono Boost)  
  26  3:05  Assimilator  
  26  3:13  Probe (Chrono Boost)  
  26  3:15  Probe (Chrono Boost)  
  26  3:19  Assimilator  
  28  3:23  Probe (Chrono Boost)  
  28  3:25  Probe (Chrono Boost), Stalker  
  32  3:34  Probe (Chrono Boost), Photon Cannon  
  33  3:36  Mothership Core (Chrono Boost)  
  33  3:39  Stalker  
  37  3:44  Probe (Chrono Boost)  
  38  3:55  Probe x2 (Chrono Boost)  
  40  3:58  Robotics Facility  
  40  4:04  Warp Gate  
  40  4:05  Stalker, Probe (Chrono Boost)  
  40  4:09  Stalker  
  45  4:14  Probe (Chrono Boost)  
  46  4:30  Pylon  
  46  4:34  Pylon  
  46  4:37  Pylon  
  46  4:40  Protoss Ground Weapons Level 1  
  46  4:48  Observer, Probe x2 (Chrono Boost)  
  49  4:54  Photon Cannon  
  49  4:56  Photon Cannon  
  49  4:59  Probe x2 (Chrono Boost)  
  51  5:08  Stalker  
  51  5:09  Probe x2 (Chrono Boost), Stalker  
  51  5:32  Photon Cannon  
  51  5:35  Pylon  
  49  5:58  Probe (Chrono Boost)  
  50  6:07  Immortal  
  50  6:09  Probe (Chrono Boost), Stalker x2  
  59  6:37  Nexus  
  59  6:47  Stargate  
  59  6:48  Pylon  
  59  6:54  Photon Cannon  
  59  7:02  Nexus  
  59  7:04  Pylon  
  59  7:16  Photon Cannon  
  59  7:18  Pylon  
  59  7:25  Immortal  
  59  7:27  Protoss Ground Armor Level 1  
  63  7:33  Photon Cannon  
  63  7:47  Void Ray  
  67  7:56  Probe (Chrono Boost)  
  67  7:57  Probe (Chrono Boost)  
  69  8:07  Probe x2 (Chrono Boost)  
  69  8:11  Fleet Beacon  
  71  8:15  Probe (Chrono Boost)  
  71  8:18  Probe x2 (Chrono Boost)  
  71  8:19  Assimilator  
  74  8:27  Immortal  
  78  8:35  Probe x2 (Chrono Boost)  
  78  8:39  Probe (Chrono Boost)  
  81  8:45  Probe x2 (Chrono Boost)  
  81  8:47  Photon Cannon  
  83  8:49  Pylon  
  83  8:50  Probe (Chrono Boost)  
  83  8:53  Stargate  
  84  8:56  Probe x2 (Chrono Boost)  
  84  8:58  Pylon  
  84  9:02  Probe (Chrono Boost)  
  87  9:05  Assimilator  
  87  9:06  Probe (Chrono Boost)  
  87  9:07  Stalker x2  
  73  9:58  Void Ray (Chrono Boost)  
  73  10:00  Void Ray (Chrono Boost)  
  73  10:01  Zealot x2  
  73  10:02  Probe (Chrono Boost)  
  73  10:05  Gateway  
  82  10:10  Gateway  
  78  10:20  Immortal  
  82  10:23  Stalker x2  
  82  10:28  Gateway  
  77  10:38  Void Ray (Chrono Boost)  
  77  10:39  Void Ray (Chrono Boost)  
  81  10:46  Stalker x2  
  85  10:58  Twilight Council  
  85  11:01  Gateway  
  85  11:03  Gateway  
  85  11:05  Pylon x2  
  81  11:12  Pylon  
  81  11:13  Stalker  
  73  11:19  Void Ray (Chrono Boost)  
  73  11:20  Void Ray (Chrono Boost)  
  71  11:29  Stalker x3  
  71  11:34  Immortal  
  65  11:41  Mothership Core  
  60  11:47  Photon Cannon x2  
  60  11:52  Photon Cannon  
  60  11:54  Zealot x2  
  64  12:13  Void Ray (Chrono Boost), Photon Cannon  
  64  12:14  Void Ray (Chrono Boost)  
  72  12:17  Immortal  
  72  12:19  Stalker x2  
  80  12:24  Gateway  
  73  12:50  Pylon  
  71  13:00  Stalker x2  
  62  13:15  Void Ray (Chrono Boost), Immortal  
  64  13:23  Mothership Core  
  60  13:35  Stalker x2  
  60  13:37  Zealot  
  56  14:01  Stalker x2  
Show
View Real Time Build Order
Export as new Build Order

Loki Protoss - Winner!

Build Orders: Zealot Archon, Dark Templar Rush 

Get SALT Encoding   

  12  0:01  Probe (Chrono Boost)  
  13  0:12  Probe (Chrono Boost)  
  14  0:18  Pylon  
  14  0:25  Probe (Chrono Boost)  
  15  0:36  Probe (Chrono Boost)  
  15  0:39  Gateway  
  16  0:47  Probe (Chrono Boost)  
  17  0:51  Assimilator  
  17  0:57  Probe (Chrono Boost)  
  18  1:08  Probe (Chrono Boost)  
  20  1:18  Probe (Chrono Boost)  
  20  1:19  Pylon  
  20  1:35  Probe (Chrono Boost)  
  21  1:46  Probe (Chrono Boost)  
  22  1:47  Cybernetics Core  
  22  1:49  Gateway  
  22  1:57  Gateway  
  22  1:58  Gateway  
  22  2:05  Assimilator  
  22  2:21  Zealot  
  24  2:23  Warp Gate (Chrono Boost)  
  24  2:58  Twilight Council  
  24  3:01  Robotics Facility  
  24  3:03  Pylon  
  24  3:10  Probe  
  25  3:20  Nexus  
  25  3:43  Dark Shrine  
  25  3:49  Warp Prism (Chrono Boost)  
  27  3:58  Pylon  
  27  5:06  Dark Templar x2  
  31  5:07  Dark Templar x2  
  33  6:16  Probe  
  32  6:26  Immortal (Chrono Boost)  
  32  6:27  Probe  
  31  6:38  Probe  
  32  6:45  Robotics Facility  
  32  6:46  Robotics Facility  
  32  6:48  Assimilator, Probe  
  32  6:49  Assimilator  
  33  6:59  Probe, Dark Templar  
  33  7:00  Dark Templar, Immortal (Chrono Boost)  
  42  7:02  Zealot x2  
  42  7:06  Archon  
  46  7:09  Probe  
  47  7:20  Probe  
  48  7:28  Gateway  
  48  7:30  Gateway, Probe  
  48  7:33  Gateway  
  48  7:34  Observer (Chrono Boost), Gateway  
  58  7:40  Immortal (Chrono Boost)  
  58  7:41  Probe  
  58  7:42  Immortal (Chrono Boost)  
  59  7:51  Probe  
  60  8:02  Probe  
  61  8:07  Charge  
  61  8:12  Probe  
  61  8:16  Pylon  
  61  8:18  Pylon  
  62  8:32  Probe  
  67  8:34  Dark Templar, Immortal (Chrono Boost)  
  67  8:40  Dark Templar  
  71  8:46  Zealot  
  73  8:48  Probe  
  74  8:59  Probe  
  75  9:27  Pylon  
  65  10:02  Dark Templar  
  65  10:03  Dark Templar x4  
  65  10:04  Dark Templar x3  
  76  10:21  Probe  
  77  10:32  Probe  
  76  10:38  Immortal (Chrono Boost)  
  68  10:43  Probe  
  68  10:50  Archon x3  
  68  10:51  Archon  
  68  10:53  Probe  
  71  11:01  Warp Prism (Chrono Boost)  
  71  11:04  Probe  
  64  12:11  Dark Templar x6  
  64  12:12  Dark Templar  
  78  12:17  Archon x3  
  68  12:44  Stalker x2  
  68  12:45  Stalker x3  
  58  13:21  Stalker x2  
  58  13:22  Stalker x5  
  58  13:23  Stalker  
Tags
 
Composition
Zealot Archon
League
Gold
Matchup
PvP
Replay Pack
sc2 replays 2016
Add a new tag
Caveats
  • Supply blocks, unpowered buildings, or Contaminate may cause inaccurate times.
  • Supply counts are checked every 10 seconds.